 Dungeon Crawl Stone Soup version 0.30-a0-867-g305f33218d (webtiles) character file.

Game seed: 6344437369188637257

11 Hubris850 the Trooper (level 2, 0/31 HPs)
             Began as an Ogre Reaver on Mar 10, 2023.
             Slain by a gnoll
             ... wielding a +0 flail
              (6 damage)
             ... on level 1 of the Dungeon.
             The game lasted 00:01:14 (296 turns).

Hubris850 the Trooper (Ogre Reaver)                  Turns: 296, Time: 00:01:14

Health: 0/31       AC:  3    Str: 15    XL:     2   Next: 25%
Magic:  5/5        EV:  9    Int: 14    God:
Gold:   12         SH:  0    Dex:  7    Spells: 4/5 levels left

rFire   . . .      SeeInvis .    a - +0 mace
rCold   . . .      Faith    .    (no shield)
rNeg    . . .      Spirit   .    b - +0 robe
rPois   .          Reflect  .    (helmet restricted)
rElec   .          Rampage  .    (no cloak)
rCorr   .                        (gloves unavailable)
Will    .....                    (boots unavailable)
Stlth   +                        (no amulet)
HPRegen 0.25/turn                (no ring)
MPRegen 0.09/turn                (no ring)

@: no status effects
A: large, unfitting armour, tough skin 1
a: no special abilities


You were on level 1 of the Dungeon.
You visited 1 branch of the dungeon, and saw 1 of its levels.

You collected 12 gold pieces.

Inventory:

Hand Weapons
 a - a +0 mace (weapon)
 c - a +0 whip
Armour
 b - a +0 robe (worn)
Potions
 d - a potion of flight {unknown}


   Skills:
 + Level 3.1 Fighting
 + Level 2.9 Maces & Flails
 + Level 2.1 Dodging
 - Level 2.4 Spellcasting
 - Level 2.6 Conjurations


You had 4 spell levels left.
You knew the following spells:

 Your Spells              Type           Power      Damage    Failure   Level
a - Kiss of Death         Conj/Necr      20%        2d7       13%         1

Your spell library contained the following spells:

 Spells                   Type           Power      Damage    Failure   Level
 Momentum Strike          Conj/Tloc      10%        3d8       21%         2
 Slow                     Hex            4%         N/A       22%         1
 Hailstorm                Conj/Ice       5%         3d4       36%         3
 Confusing Touch          Hex            1%         N/A       56%         3
 Vampiric Draining        Necr           1%         2d6       56%         3


Dungeon Overview and Level Annotations

Branches:
Dungeon (1/15)

Altars:


Innate Abilities, Weirdness & Mutations

You are too large for most types of armour.
You have tough skin. (AC +1)


Message History

The jackal bites you but does no damage.
You thump the jackal!
You kill the jackal!
No target in view!
No target in view!
Things that are here:
a jackal corpse; a jackal corpse
d - a pink potion A goblin comes into view.
It is wielding a +0 club.
The goblin shouts!
You hear a shout!
A kobold comes into view. It is wielding a +0 dagger.
The goblin moves out of view.
A kobold is nearby!
A ball python comes into view.
The ball python moves out of view.
A kobold comes into view. It is wielding a +0 club.
A gnoll comes into view. It is wielding a +0 flail.
The goblin hits you but does no damage.
You sock the goblin!
You kill the goblin!
The kobold hits you with a +0 dagger.
The kobold throws a stone.
The stone barely misses you.
The kobold throws a stone.
The stone completely misses you.
The kobold throws a stone.
The stone hits you but does no damage.
The kobold throws a stone.
The stone barely misses you.
You hit the gnoll.
The gnoll is heavily wounded.
The gnoll hits you with a +0 flail!
You closely miss the gnoll.
The gnoll is heavily wounded.
The gnoll closely misses you.
You closely miss the gnoll.
The gnoll is heavily wounded.
The gnoll hits you with a +0 flail! x2
* * * LOW HITPOINT WARNING * * *
You are too injured to fight recklessly!
You barely miss the gnoll.
The gnoll is heavily wounded.
The gnoll hits you with a +0 flail.
You die...

#..# #......# #.# #..#
####...#### #.# ###### #..#
#.........####.# .....# #..#
#..............######
####.###..###.........###.....)..
####.##............#### #.#......
...#.......#####...# ###.#.#..##
...#.#.............# ..........
.<.#.#.....#####@### .#.#.#..#.
...#.#....## ##g## .#......#.
...###.#### #.KK# # #........
#### #.## #...# # ##....##. ...#
#..# #...# #.##..#.##. ...#
##.#######...#####.......##. ...#
#...#...........####..####. ..~#
#.................†...#
~.~####...#...........####.##


You could see a gnoll and 2 kobolds.

Vanquished Creatures
  A bat (D:1)
  2 goblins (D:1)
  4 jackals (D:1)
  A quokka (D:1)
  A kobold (D:1)
9 creatures vanquished.

Notes
Turn   | Place    | Note
-------+----------+-------------------------------------------
     0 | D:1      | Hubris850 the Ogre Reaver began the quest for the Orb.
     0 | D:1      | Reached XP level 1. HP: 22/22 MP: 3/3
   242 | D:1      | Reached skill level 3 in Fighting
   243 | D:1      | Reached XP level 2. HP: 31/31 MP: 5/5
   296 | D:1      | Slain by a gnoll

Illustrated notes

Levels and vault maps discovered:
D:1:      scummos_arrival_gate, layout_loops_cross, minmay_3d_cube

Skill      XL: |  1 |
---------------+----+-----
Fighting       | 3 |  3.1
Dodging        | 2 |  2.1
Maces & Flails | |  2.9
Spellcasting   | |  2.4
Conjurations   | |  2.6

Action                     || total
---------------------------++-------
  Melee: Whip              ||    18
         Mace              ||    20
 Armour: Robe              ||    10
  Dodge: Dodged            ||    16

Table legend: (Time is in decaauts)
 A = Elapsed time spent in this place.
 B = Non-inter-level travel time spent in this place.
 C = Inter-level travel time spent in this place.
 D = Time resting spent in this place.
 E = Time spent auto-exploring this place.
 F = Levels seen in this place.
 G = Mean time per level.
                   A        B        C        D        E       F      G
               +--------+--------+--------+--------+--------+-----+--------+
         Total |    299 |    299 |      0 |     61 |    152 |   1 |  299.0 |
       Dungeon |    299 |    299 |      0 |     61 |    152 |   1 |  299.0 |
               +--------+--------+--------+--------+--------+-----+--------+

Top non-repeatable levels by time:
     D:1: 299 daAuts
